 Dungeon Crawl Stone Soup version 0.27-a0-1202-ge72e49191c (webtiles) character file.

Game seed: 13887791146521111333

1369 bilbop the Cudgeller (level 8, -2/71 HPs)
             Began as a Minotaur Fighter on June 2, 2021.
             Was a Follower of Trog.
             Slain by a hornet (13 damage)
             ... on level 6 of the Dungeon.
             The game lasted 00:23:45 (5396 turns).

bilbop the Cudgeller (Minotaur Fighter)             Turns: 5396, Time: 00:23:46

Health: -2/71      AC: 16    Str: 22    XL:     8   Next: 38%
Magic:  8/8        EV:  6    Int:  5    God:    Trog [*.....]
Gold:   339        SH: 10    Dex: 11    Spells: 7/7 levels left

rFire    . . .     SeeInvis .   a - +2 flail (holy)
rCold    . . .     Faith    .   c - +0 kite shield
rNeg     . . .     Spirit   .   i - +0 chain mail
rPois    .         Reflect  .   (helmet restricted)
rElec    .         Harm     .   u - +0 cloak {Stlth+}
rCorr    .         Rampage  .   g - +0 pair of gloves
Will     .....                  w - +2 pair of boots
Stlth    ..........             (no amulet)
HPRegen  0.21/turn              (no ring)
MPRegen  0.11/turn              (no ring)

@: lethally poisoned (-2 -> -7), slowed, very slow
A: horns 2, retaliatory headbutt
a: Renounce Religion, Berserk


You were on level 6 of the Dungeon.
You worshipped Trog.
Trog was aware of your devotion.
You visited 2 branches of the dungeon, and saw 7 of its levels.

You collected 339 gold pieces.

Inventory:

Hand Weapons
 a - a +2 flail of holy wrath (weapon)
 b - a +0 hunting sling
 v - a +0 whip of flaming
 x - a +0 flail
Missiles
 e - 72 bolts
 f - 27 sling bullets
 y - 2 curare-tipped darts (quivered)
Armour
 c - a +0 kite shield (worn)
 g - a +0 pair of gloves (worn)
 i - a +0 chain mail (worn)
 u - a +0 cloak of stealth (worn)
 w - a +2 pair of boots (worn)
 A - a +0 scale mail
 E - a scarf of harm
Wands
 o - a wand of charming (9)
 t - a wand of flame (48)
 F - a wand of acid (11)
Scrolls
 h - 9 scrolls of identify {unknown}
 k - 4 scrolls of blinking {unknown}
 l - 3 scrolls of teleportation {unknown}
 p - a scroll of noise {unknown}
 q - 2 scrolls of silence {unknown}
 s - a scroll of immolation {unknown}
 C - a scroll of enchant weapon {unknown}
 G - a scroll of torment {unknown}
Potions
 d - a potion of might
 j - a potion of degeneration {unknown}
 m - 3 potions of brilliance {unknown}
 n - a potion of attraction {unknown}
 r - 2 potions of magic {unknown}
 z - 2 potions of heal wounds {unknown}
 B - a potion of flight {unknown}
 D - 2 potions of haste {unknown}


   Skills:
 + Level 6.3 Fighting
 * Level 7.8 Maces & Flails
 + Level 2.1 Slings
 + Level 6.3 Armour
 + Level 6.3 Shields
 + Level 1.9 Invocations


You had 7 spell levels left.
You didn't know any spells.
Your spell library contained the following spells:

 Spells                   Type           Power      Damage    Failure   Level
 Beastly Appendage        Tmut           0%         N/A       100%        1
 Magic Dart               Conj           0%         1d3       100%        1
 Blink                    Tloc           N/A        N/A       100%        2
 Call Imp                 Summ           0%         N/A       100%        2
 Slow                     Hex            0%         N/A       100%        2
 Wereblood                Tmut           0%         N/A       100%        2
 Conjure Flame            Conj/Fire      0%         6-21      100%        3
 Mephitic Cloud           Conj/Pois/Air  0%         N/A       100%        3
 Spider Form              Tmut/Pois      0%         N/A       100%        3
 Ice Form                 Ice/Tmut       0%         N/A       100%        4
 Hydra Form               Tmut           0%         N/A       100%        5


Dungeon Overview and Level Annotations

Branches:
Dungeon (6/15)             Temple (1/1) D:4

Altars:
Ashenzari
Cheibriados
Dithmenos
Elyvilon
Fedhas
Gozag
Hepliaklqana
Kikubaaqudgha
Makhleb
Nemelex Xobeh
Okawaru
Qazlal
Ru
Sif Muna
Trog
Uskayaw
Vehumet
Xom
Yredelemnul
Zin
The Shining One

Shops:
D:5 (

Annotations:
D:5 1 runed translucent door


Innate Abilities, Weirdness & Mutations

You have a pair of horns on your head.
You reflexively headbutt those who attack you in melee.


Message History

A hornet comes into view.
The hornet buzzes angrily.
You block the hornet's attack.
There is a stone staircase leading down here.
You closely miss the hornet. The hornet barely misses you.
You furiously retaliate!
You headbutt the hornet.
Your shield prevents you from hitting the hornet.
The hornet is lightly wounded.
The hornet stings you.
You are poisoned.
You feel yourself slow down. The hornet stings you!
You are more poisoned.
You feel as though you will be slow longer.
You hit the hornet but do no damage.
The hornet is lightly wounded.
You feel extremely sick. The hornet stings you!
You feel as though you will be slow longer.
The hornet stings you but does no damage.
The hornet stings you!
You feel as though you will be slow longer.
You closely miss the hornet.
The hornet is lightly wounded.
You feel very sick.
The hornet stings you but does no damage.
The hornet closely misses you. You furiously retaliate!
You headbutt the hornet! The hornet stings you.
* * * LOW HITPOINT WARNING * * *
You suddenly lose the ability to move!
You feel sick. The hornet stings you.
* * * LOW HITPOINT WARNING * * *
You shrug off the repeated paralysis!
You can move again.
Okay, then.
You barely miss the hornet. Your headbutt misses the hornet.
The hornet is moderately wounded.
You feel very sick.
The hornet stings you but does no damage.
The hornet stings you!
You die...

....))#........#
....).'........#
....))##########
...............#########
...............#.......#
######.........#........
#.........#........
#.........#........
#.........'@......#
#.........#y......#
###########........
......... #########


You could see a hornet.

Vanquished Creatures
  Sigmund (D:2)
  2 necrophages
  2 ogres (D:4)
  3 kobold brigands
  A water moccasin zombie (D:3)
  A jelly (D:5)
  A bullfrog zombie (D:5)
  Crazy Yiuf (D:2)
  2 orc priests
  4 hounds (D:5)
  A centaur skeleton (D:6)
  3 orc wizards
  An iguana (D:5)
  2 hound skeletons (D:5)
  3 gnolls (D:5)
  4 adders
  A shadow imp (D:5)
  2 worms (D:2)
  An adder skeleton (D:5)
  2 dart slugs
  15 orcs
  7 endoplasms
  5 giant cockroaches
  10 goblins
  9 hobgoblins
  5 ball pythons
  8 bats
  3 frilled lizards
  18 kobolds
  A kobold skeleton (D:5)
  3 rats
122 creatures vanquished.

Notes
Turn   | Place    | Note
-------+----------+-------------------------------------------
     0 | D:1      | bilbop the Minotaur Fighter began the quest for the Orb.
     0 | D:1      | Reached XP level 1. HP: 19/19 MP: 0/0
   128 | D:1      | Reached XP level 2. HP: 27/27 MP: 1/1
   174 | D:1      | Reached skill level 3 in Maces & Flails
   637 | D:1      | Reached XP level 3. HP: 18/33 MP: 2/2
  1014 | D:2      | Noticed a necrophage
  1026 | D:2      | Killed a necrophage
  1027 | D:2      | Reached skill level 4 in Maces & Flails
  1027 | D:2      | Reached XP level 4. HP: 24/41 MP: 3/3
  1229 | D:2      | Noticed Sigmund
  1241 | D:2      | Killed Sigmund
  1242 | D:2      | Reached skill level 5 in Maces & Flails
  1242 | D:2      | Reached XP level 5. HP: 11/47 MP: 4/4
  1242 | D:2      | Reached XP level 6. HP: 13/55 MP: 5/5
  1535 | D:2      | Found a faded altar of an unknown god.
  1822 | D:2      | Found a blossoming altar of Fedhas.
  1857 | D:2      | Found a runed translucent door.
  1858 | D:2      | Noticed Crazy Yiuf
  1955 | D:2      | Killed Crazy Yiuf
  1956 | D:2      | Reached skill level 5 in Fighting
  1956 | D:2      | Reached skill level 5 in Armour
  1956 | D:2      | Reached skill level 5 in Shields
  2797 | D:4      | Reached skill level 6 in Maces & Flails
  2797 | D:4      | Reached XP level 7. HP: 60/61 MP: 6/6
  3382 | D:4      | Found a staircase to the Ecumenical Temple.
  3389 | Temple   | Entered the Ecumenical Temple
  3609 | Temple   | Became a worshipper of Trog the Wrathful
  3663 | D:5      | Entered Level 5 of the Dungeon
  3716 | D:5      | Noticed a human
  3804 | D:5      | Reached skill level 7 in Maces & Flails
  3884 | D:5      | Found a runed translucent door.
  3896 | D:5      | Reached skill level 1 in Slings
  3901 | D:5      | Reached skill level 1 in Invocations
  3910 | D:5      | Reached XP level 8. HP: 62/70 MP: 7/7
  4168 | D:5      | Found a stormy altar of Qazlal.
  4177 | D:5      | Found Nyinan's Antique Weapon Shop.
  4218 | D:5      | Found a basalt altar of Yredelemnul.
  4397 | D:5      | Upgraded the game from 0.27-a0-1200-g94dc6ad4cf to
                  | 0.27-a0-1202-ge72e49191c
  4889 | D:6      | Reached * piety under Trog
  5389 | D:6      | Noticed a hornet
  5394 | D:6      | Paralysed by a hornet for 2 turns
  5396 | D:6      | Slain by a hornet

Illustrated notes

Levels and vault maps discovered:
D:1:      shiori_arrival_maze, layout_loops_ring
D:2:      layout_basic, basic_altar, hellmonk_ecumenical_altar_arch_garden,
          minmay_door_square, kennysheep_generic_room_11,
          uniq_crazy_yiuf_cottage, uniq_sigmund
D:3:      layout_basic
D:4:      layout_basic, temple_green
D:5:      layout_basic, nicolae_qazlal_general_emergency, dk_yredelemnul_ordeal,
          serial_shops, nicolae_shop_temple_entry_statues_fountains
D:6:      layout_gridville
Temple:   eino_narrow_crystal_temple

Skill      XL: |  1  2  3  4  5  6  7  8 |
---------------+-------------------------+-----
Maces & Flails | 3 4 5 6 7 |  7.8
Fighting       | 4 5 6 |  6.3
Armour         | 4 5 6 |  6.3
Shields        | 4 5 6 |  6.3
Slings         | 1 2 |  2.1
Invocations    | 1 |  1.9

Action                   |  1- 3 |  4- 6 |  7- 9 || total
-------------------------+-------+-------+-------++-------
Melee: Flail             |    81 |    62 |   125 ||   268
       Headbutt          |    13 |    20 |    24 ||    57
       Whip              |       |    48 |       ||    48
Armor: Scale mail        |    11 |       |       ||    11
       Chain mail        |    27 |    59 |   117 ||   203
Dodge: Dodged            |    19 |    16 |    51 ||    86
Block: Kite shield       |    37 |    44 |    94 ||   175

Table legend: (Time is in decaauts)
 A = Elapsed time spent in this place.
 B = Non-inter-level travel time spent in this place.
 C = Inter-level travel time spent in this place.
 D = Time resting spent in this place.
 E = Time spent auto-exploring this place.
 F = Levels seen in this place.
 G = Mean time per level.
                   A        B        C        D        E       F      G
               +--------+--------+--------+--------+--------+-----+--------+
         Total |   5482 |   5284 |    198 |    550 |   3907 |   7 |  783.1 |
       Dungeon |   5246 |   5075 |    171 |    550 |   3701 |   6 |  874.3 |
        Temple |    235 |    208 |     27 |      0 |    206 |   1 |  235.0 |
               +--------+--------+--------+--------+--------+-----+--------+

Top non-repeatable levels by time:
     D:2: 1250 daAuts
     D:5: 1023 daAuts
     D:1: 955 daAuts
     D:6: 731 daAuts
     D:4: 647 daAuts
     D:3: 638 daAuts
  Temple: 235 daAuts
